 Dungeon Crawl Stone Soup version 0.31-a0-1321-g5021b54cb2 (webtiles) character file.

Game seed: 11607641122484559219

2166 gelatine the Apothecary (level 9, -17/96 HPs)
             Began as a Demonspawn Alchemist on Dec 21, 2023.
             Killed from afar by an acid dragon (21 damage)
             ... with a splash of acid
             ... on level 8 of the Dungeon.
             The game lasted 00:19:58 (5490 turns).

gelatine the Apothecary (Demonspawn Alchemist)      Turns: 5490, Time: 00:19:59

Health: -17/96     AC: 28    Str:  8    XL:     9   Next: 10%
Magic:  3/25       EV:  2    Int: 21    God:
Gold:   232        SH:  0    Dex: 13    Spells: 8/18 levels left

rFire   . . .        J - +2 whip (elec)
rCold   . . .        (no shield)
rNeg    . . .        A - melded +0 leather armour
rPois   +            s - melded +1 helmet
rElec   .            P - melded scarf {repulsion}
rCorr   .            (gloves currently unavailable)
SInv    .            (boots currently unavailable)
Will    .....        L - amulet of regeneration
Stlth   ++           d - +4 ring of protection
HPRegen 1.16/turn    G - ring of magical power
MPRegen 0.19/turn

%: no passive effects
@: brilliant, tree-form
A: stationary, stasis, torment immunity, boosted hp, (claws 1), powered by pain
1, (spiny 1), (sturdy frame 1)
a: no special abilities


You were on level 8 of the Dungeon.
You were a tree.
You visited 1 branch of the dungeon, and saw 8 of its levels.

You collected 232 gold pieces.

Inventory:

Hand Weapons
 r - a +0 scythe of pain
 t - a +6 club
 D - a +1 dagger of speed
 I - a +1 heavy war axe
 J - a +2 whip of electrocution (weapon)
 N - the +7 hand axe of Neitauf {heavy, rN+ Will+}
   (You found it on level 5 of the Dungeon)

   rN+:       It protects you from negative energy.
   Will+:     It increases your willpower.
Missiles
 x - 3 datura-tipped darts
Armour
 a - a +0 robe
 s - a +1 helmet (melded)
 A - a +0 leather armour (melded)
 K - a +0 kite shield
 P - a scarf of repulsion (melded)
Jewellery
 d - a +4 ring of protection (left branch)
 m - a ring of flight
 q - a ring of magical power
 G - a ring of magical power (right branch)
 L - an amulet of regeneration (around neck)
 M - a +6 ring of strength
Talismans
 B - a granite talisman
Wands
 R - a wand of polymorph (8)
Scrolls
 f - 4 scrolls of teleportation {unknown}
 g - a scroll of blinking {unknown}
 i - a scroll of enchant weapon {unknown}
 j - 2 scrolls of revelation {unknown}
 n - a scroll of poison {unknown}
 u - a scroll of torment {unknown}
 y - 2 scrolls of noise {unknown}
 z - a scroll of amnesia {unknown}
 F - 2 scrolls of identify {unknown}
 H - 2 scrolls of butterflies {unknown}
 O - a scroll of immolation {unknown}
 Q - a scroll of vulnerability {unknown}
Potions
 b - a potion of magic
 k - a potion of haste {unknown}
 l - a potion of enlightenment {unknown}
 o - a potion of curing {unknown}
 p - a potion of ambrosia {unknown}
 v - 2 potions of berserk rage {unknown}
 w - a potion of attraction {unknown}
 C - a potion of heal wounds {unknown}
 E - 2 potions of mutation {unknown}


   Skills:
 * Level 3.3 Fighting
 + Level 0.5 Short Blades
 + Level 1.1 Maces & Flails
 + Level 0.7 Polearms
 * Level 2.4 Armour
 * Level 3.5 Dodging
 * Level 3.1 Stealth
 * Level 1.6 Shields
 + Level 0.7 Unarmed Combat
 * Level 5.2 Spellcasting
 * Level 4.2 Conjurations
 + Level 1.7 Necromancy
 + Level 2.2 Air Magic
 * Level 5.9 Alchemy
 * Level 1.5 Shapeshifting


You had 8 spell levels left.
You knew the following spells:

 Your Spells              Type           Power      Damage    Failure   Level
a - Sting                 Conj/Alch      100%       1d9       1%          1
b - Mercury Vapours       Alch/Air       68%        N/A       3%          2
c - Mephitic Cloud        Conj/Alch/Air  34%        N/A       6%          3
d - Olgreb's Toxic Radia  Alch           45%        N/A       9%          4

Your spell library contained the following spells:

 Spells                   Type           Power      Damage    Failure   Level
 Passwall                 Alch/Erth      21%        N/A       4%          2
 Swiftness                Air            22%        N/A       12%         3
 Ensorcelled Hibernation  Hex/Ice        16%        N/A       16%         2
 Sticky Flame             Fire/Alch      26%        2d6       30%         4


Dungeon Overview and Level Annotations

Branches:
Dungeon (9/15)                Orc (0/2) D:9
 Temple: D:4-7         Lair: D:8-11

Altars:


Innate Abilities, Weirdness & Mutations

You are a tree.
Your roots penetrate the ground, keeping you stationary.
You cannot be teleported.
You are immune to unholy pain and torment.
Your maximum health is greatly increased.
Your equipment is partially melded.
((You have sharp fingernails.))
You sometimes gain a little power by taking damage.
((You are partially covered in sharp spines.))
((Your movements are slightly less encumbered by armour. (ER -2)))


Message History

The yak is engulfed in noxious fumes.
The yak appears confused.
The yak is struck by your spines. The yak gores you!
* * * LOW HITPOINT WARNING * * *
The orc is engulfed in noxious fumes.
The orc appears confused.
You closely miss the acid dragon.
The acid dragon is severely wounded.
The acid dragon spits acid at you.
The splash of acid is repelled.
The yak is engulfed in noxious fumes.
The yak appears confused.
The yak gores you!
* * * LOW HITPOINT WARNING * * *
It was a potion of cancellation.
Your magical effects are unravelling.
You feel magically purged.
You are no longer corroded.
The yak looks more healthy.
The acid dragon is struck by your spines.
The acid dragon bites you but does no damage.
The acid dragon claws you.
* * * LOW HITPOINT WARNING * * *
The yak is engulfed in noxious fumes.
The yak appears confused.
The yak gores the acid dragon.
Okay, then.
It was a potion of lignification.
You turn into a tree.
Your scarf of repulsion melds into your body.
Your +1 helmet melds into your body.
Your +0 leather armour melds into your body.
The haze of the repulsion field disappears.
Your roots penetrate the ground.
The yak looks more healthy.
You kill the orc!
The acid dragon bites you but does no damage.
The acid dragon claws you.
* * * LOW HITPOINT WARNING * * *
The yak is engulfed in noxious fumes.
The yak appears confused.
The yak gores you but does no damage.
It was a potion of brilliance.
You feel clever all of a sudden.
The gnoll looks more healthy.
The acid dragon spits acid at you. The splash of acid hits you!!
You die...

#########
#.....?.. .##
#........ #..#
#.......#####....
##.......#.)...#.#
..........>$).....
##$.....°.#.~~)~~≈
.....$..Y##)≈##.##
.......♣DYg)~#
###########)~# .~#
.~# .~≈ .... .....
......


You could see 2 yaks, an acid dragon (catching breath) and a gnoll.

Vanquished Creatures
  Pikel (D:4)
  Sigmund (D:3)
  2 yaks (D:8)
  A steam dragon (D:5)
  A water moccasin (D:5)
  A black bear (D:5)
  3 ogres
  A centaur (D:5)
  A phantom (D:5)
  A scorpion (D:5)
  An orc priest (D:4)
  2 sleepcaps
  3 iguanas
  2 orc wizards (D:5)
  Robin (D:3)
  2 gnolls (D:8)
  9 adders
  2 ufetubi (D:5)
  3 worms (D:3)
  A dart slug (D:2)
  10 orcs
  6 endoplasms
  7 giant cockroaches
  20 goblins
  6 hobgoblins
  10 jackals
  5 kobolds
  2 quokkas
  8 ball pythons
  2 bats (D:3)
  2 frilled lizards
  5 rats
122 creatures vanquished.

Vanquished Creatures (others)
  An orc (D:5)
1 creature vanquished.

Grand Total: 123 creatures vanquished

Notes
Turn   | Place    | Note
-------+----------+-------------------------------------------
     0 | D:1      | gelatine the Demonspawn Alchemist began the quest for the
                  | Orb.
     0 | D:1      | Reached XP level 1. HP: 13/13 MP: 3/3
    28 | D:1      | Found a faded altar of an unknown god.
   359 | D:1      | Gained mutation: You are partially covered in sharp spines.
                  | [demonic ancestry]
   359 | D:1      | Reached XP level 2. HP: 19/19 MP: 0/5
  1144 | D:2      | Reached XP level 3. HP: 25/25 MP: 3/6
  1180 | D:2      | Learned a level 2 spell: Mercury Vapours
  1184 | D:2      | Learned a level 3 spell: Mephitic Cloud
  1941 | D:3      | Noticed Sigmund
  2172 | D:3      | Reached XP level 4. HP: 28/31 MP: 2/7
  2370 | D:3      | Killed Sigmund
  2371 | D:3      | Reached skill level 1 in Fighting
  2371 | D:3      | Reached skill level 1 in Air Magic
  2371 | D:3      | Gained mutation: You sometimes gain a little power by
                  | taking damage. [demonic ancestry]
  2371 | D:3      | Reached XP level 5. HP: 37/37 MP: 0/9
  2390 | D:3      | Noticed Robin
  2405 | D:3      | Killed Robin
  2575 | D:3      | Gained mutation: Your movements are slightly less
                  | encumbered by armour. (ER -2) [demonic ancestry]
  2575 | D:3      | Reached XP level 6. HP: 43/43 MP: 3/10
  3306 | D:4      | Noticed Pikel
  3324 | D:4      | Killed Pikel
  3325 | D:4      | Reached skill level 1 in Armour
  3325 | D:4      | Reached skill level 1 in Necromancy
  3325 | D:4      | Reached XP level 7. HP: 16/50 MP: 5/12
  4104 | D:5      | Entered Level 5 of the Dungeon
  4483 | D:5      | Reached skill level 1 in Maces & Flails
  4483 | D:5      | Reached skill level 5 in Alchemy
  4483 | D:5      | Gained mutation: You have sharp fingernails. [demonic
                  | ancestry]
  4483 | D:5      | Reached XP level 8. HP: 52/57 MP: 14/14
  4493 | D:5      | Learned a level 4 spell: Olgreb's Toxic Radiance
  5061 | D:5      | Reached skill level 1 in Shields
  5066 | D:5      | Identified the +7 hand axe of Neitauf {heavy, rN+ Will+}
  5144 | D:5      | Reached skill level 1 in Shapeshifting
  5275 | D:5      | Reached skill level 5 in Spellcasting
  5444 | D:6      | You fall into a shaft and drop 3 floors!
  5444 | D:9      | Found a staircase to the Orcish Mines.
  5478 | D:8      | Reached XP level 9. HP: 46/64 MP: 8/16
  5487 | D:8      | HP: 2/64 [yak (16)]
  5490 | D:8      | Killed from afar by an acid dragon

Illustrated notes

Levels and vault maps discovered:
D:1:      nzn_arrival_water_spiral, layout_basic,
          chequers_ecumenical_altar_simple_redux, minmay_misc_feat_enclosed
D:2:      minmay_angry_zag, layout_loops_cross, minmay_tetromino_s2
D:3:      layout_basic, uniq_robin, uniq_sigmund
D:4:      layout_loops_ring, uniq_pikel
D:5:      layout_rooms, minmay_quadrilaterals
D:6:      layout_rooms, grunt_temple_overflow_open, uniq_prince_ribbit1
D:8:      layout_rooms, enter_bailey_3, wad_rectangle_vault, uniq_amaemon,
          uniq_erica, uniq_gastronok
D:9:      layout_cave_pools, orc_0_dummy, special_room [special_room_orc],
          kennysheep_generic_room_3, uniq_jeremiah

Skill      XL: |  1  2  3  4  5  6  7  8 |
---------------+-------------------------+-----
Fighting       | 1 2 3 |  3.3
Dodging        | 2 3 |  3.5
Stealth        | 2 3 |  3.1
Spellcasting   | 3 4 5 |  5.2
Conjurations   | 2 3 4 |  4.2
Air Magic      | 1 2 |  2.2
Alchemy        | 4 5 |  5.9
Armour         | 1 2 |  2.4
Necromancy     | 1 |  1.7
Maces & Flails | 1 |  1.1
Shields        | 1 |  1.6
Shapeshifting  | 1 |  1.5
Short Blades   | |  0.5
Polearms       | |  0.7
Unarmed Combat | |  0.7

Action                     |  1- 3 |  4- 6 |  7- 9 || total
---------------------------+-------+-------+-------++-------
  Melee: Unarmed           |    18 |     3 |       ||    21
         Punch             |       |     1 |       ||     1
         Halberd           |       |    16 |       ||    16
         Club              |       |    19 |     9 ||    28
         Whip              |       |       |    35 ||    35
         Dagger            |       |       |    54 ||    54
   Cast: Sting             |    69 |    45 |    68 ||   182
         Mephitic Cloud    |       |     2 |     7 ||     9
         Mercury Vapours   |       |     2 |     8 ||    10
         Olgreb's Toxic Ra |       |       |     3 ||     3
    Use: Potion            |       |       |     3 ||     3
   Stab: Sleeping          |       |     1 |       ||     1
         Confused          |       |       |     2 ||     2
 Armour: Robe              |    12 |    11 |       ||    23
         Leather armour    |       |     9 |    92 ||   101
         Skin              |       |       |     4 ||     4
  Dodge: Dodged            |    13 |    40 |    80 ||   133
         Repelled          |       |       |     1 ||     1

Table legend: (Time is in decaauts)
 A = Elapsed time spent in this place.
 B = Non-inter-level travel time spent in this place.
 C = Inter-level travel time spent in this place.
 D = Time resting spent in this place.
 E = Time spent auto-exploring this place.
 F = Levels seen in this place.
 G = Mean time per level.
                   A        B        C        D        E       F      G
               +--------+--------+--------+--------+--------+-----+--------+
         Total |   5495 |   5326 |    169 |      0 |   4298 |   8 |  686.9 |
       Dungeon |   5495 |   5326 |    169 |      0 |   4298 |   8 |  686.9 |
               +--------+--------+--------+--------+--------+-----+--------+

Top non-repeatable levels by time:
     D:4: 1247 daAuts
     D:2: 1243 daAuts
     D:3: 1078 daAuts
     D:1: 917 daAuts
     D:5: 912 daAuts
     D:6: 48 daAuts
     D:8: 30 daAuts
     D:9: 15 daAuts
